 Dungeon Crawl Stone Soup version 0.28.0-53-g5a82cb258f (webtiles) character file.

Game seed: 3738333134633868459

63 Plasmagod the Ruffian (level 3, -10/28 HPs)
             Began as a Draconian Transmuter on Aug 2, 2022.
             Killed from afar by an orc wizard (14 damage)
             ... with a puff of flame
             ... on level 3 of the Dungeon.
             The game lasted 00:02:55 (2586 turns).

Plasmagod the Ruffian (Draconian Transmuter)        Turns: 2586, Time: 00:02:56

Health: -10/28     AC:  5    Str: 12    XL:     3   Next: 87%
Magic:  5/6        EV: 12    Int: 15    God:
Gold:   90         SH:  0    Dex: 11    Spells: 5/6 levels left

rFire   . . .      SeeInvis .     - Unarmed
rCold   . . .      Faith    .   (no shield)
rNeg    . . .      Spirit   .   (armour unavailable)
rPois   .          Reflect  .   (helmet currently unavailable)
rElec   .          Harm     .   (no cloak)
rCorr   .          Rampage  .   (no gloves)
Will    .....                   (boots currently unavailable)
Stlth   +.........              (no amulet)
HPRegen 0.09/turn               (no ring)
MPRegen 0.10/turn               (no ring)

@: confused, appendages (expiring)
A: horns 2, talons 2, AC +5, unfitting armour, cold-blooded
a: End Transformation


You were on level 3 of the Dungeon.
You had temporarily grown beastly horns and talons.
You visited 1 branch of the dungeon, and saw 3 of its levels.

You collected 90 gold pieces.

Inventory:

Jewellery
 e - an amulet of faith
 h - a ring of ice
Scrolls
 a - a scroll of blinking {unknown}
 b - a scroll of summoning {unknown}
 c - a scroll of noise {unknown}
 d - 3 scrolls of teleportation {unknown}
 j - a scroll of fear {unknown}
Potions
 f - a potion of invisibility {unknown}
 g - a potion of might {unknown}
 i - a potion of berserk rage {unknown}


   Skills:
 - Level 1.3 Fighting
 - Level 1.9 Dodging
 + Level 4.5 Unarmed Combat
 - Level 2.1 Spellcasting
 - Level 2.1 Transmutations


You had 5 spell levels left.
You knew the following spells:

 Your Spells              Type           Power      Damage    Failure   Level
a - Beastly Appendage     Tmut           16%        N/A       9%          1

Your spell library contained the following spells:

 Spells                   Type           Power      Damage    Failure   Level
 Wereblood                Tmut           8%         N/A       14%         2
 Spider Form              Tmut/Pois      4%         N/A       38%         3
 Gell's Gravitas          Tloc           1%         N/A       54%         3
 Teleport Other           Tloc           1%         N/A       54%         3
 Ice Form                 Ice/Tmut       4%         N/A       80%         4
 Dispersal                Tloc           0%         N/A       100%        6


Dungeon Overview and Level Annotations

Branches:
Dungeon (3/15)

Altars:


Innate Abilities, Weirdness & Mutations

You have temporarily grown beastly horns and talons.
Your plain brown scales are hard. (AC +5)
You cannot fit into any form of body armour.
You are cold-blooded and may be slowed by cold attacks.


Message History

You miss something. Something hits you.
Your horns disappear.
Your talons disappear.
You feel less confused. Something hits you. The hobgoblin hits you.
Something hits you but does no damage. The hobgoblin misses you.
There is a stone staircase leading up here.
Things that are here:
a +0 club; a +0 scale mail; an orc corpse You hit the hobgoblin.
The hobgoblin is heavily wounded.
Something hits you.
You hit the hobgoblin.
The hobgoblin is almost dead.
The hobgoblin barely misses you.
You hear some strange, mumbled words.
A magic dart appears from out of thin air!
The magic dart hits you.
* * * LOW HITPOINT WARNING * * *
You closely miss the hobgoblin.
Your tail-slap misses the hobgoblin.
The hobgoblin is almost dead.
The hobgoblin misses you. Something hits you.
* * * LOW HITPOINT WARNING * * *
You hit the hobgoblin.
You kill the hobgoblin!
Something hits you but does no damage.
You barely miss something. Something hits you but does no damage.
You are too injured to fight recklessly!
Casting: Beastly Appendage (safe; 9% risk of failure)
Confirm with . or Enter, or press ? or * to list all spells.
You grow a pair of large bovine horns.
Your feet morph into talons.
Something hits you.
* * * LOW HITPOINT WARNING * * *
You hit something but do no damage. Your headbutt misses something.
You hear some strange, mumbled words.
You are confused.
Your transformation is almost over.
You hear some strange, mumbled words.
A puff of flame appears from out of thin air!
The puff of flame hits you!
Ouch! That really hurt!
You die...

.. .. . .#
..######## .#
.........##.# ##.
.......)....##....
.......{@.........
..#####.##.†...##
#.##.....#
#.##.?...#
#.###...## #.#
...# ... ..## #..
..# #.# ..#


There were no monsters in sight!

Vanquished Creatures
  An adder (D:2)
  2 worms
  A dart slug (D:2)
  2 orcs (D:3)
  4 endoplasms
  A giant cockroach (D:1)
  2 goblins
  3 hobgoblins
  4 jackals (D:2)
  A kobold (D:1)
  4 quokkas
  2 ball pythons (D:1)
  6 bats (D:1)
  8 rats
41 creatures vanquished.

Notes
Turn   | Place    | Note
-------+----------+-------------------------------------------
     0 | D:1      | Plasmagod the Draconian Transmuter began the quest for the
                  | Orb.
     0 | D:1      | Reached XP level 1. HP: 16/16 MP: 3/3
   453 | D:1      | Reached XP level 2. HP: 23/23 MP: 5/5
  1463 | D:2      | Reached XP level 3. HP: 28/28 MP: 4/6
  1649 | D:2      | Reached skill level 4 in Unarmed Combat
  2586 | D:3      | Killed from afar by an orc wizard

Illustrated notes

Levels and vault maps discovered:
D:1:      dpeg_arrival_renting, layout_loops_ring
D:2:      layout_loops_corners
D:3:      layout_loops_cross, mainiacjoe_overflow_24_doors,
          nicolae_tso_swordbearing_angel, mainiacjoe_overflow_surrounded_room,
          gammafunk_ghost_nasty_kobolds

Skill      XL: |  1  2  3 |
---------------+----------+-----
Unarmed Combat | 4 |  4.5
Fighting       | |  1.3
Dodging        | |  1.9
Spellcasting   | |  2.1
Transmutations | |  2.1

Action                   || total
-------------------------++-------
Melee: Unarmed           ||   135
       Tailslap          ||    11
       Punch             ||     8
       Kick              ||    12
       Headbutt          ||     4
 Cast: Beastly Appendage ||     9
Armor: Skin              ||    54
Dodge: Dodged            ||    69
